 Dungeon Crawl Stone Soup version 0.30.0-18-gc0e69614cb (webtiles) character file.

Game seed: 16738153447424228155

463 FishyPogo the Caller (level 7, -13/82 HPs)
             Began as a Hill Orc Summoner on May 25, 2023.
             Killed from afar by Dowan (22 damage)
             ... with a shard of ice
             ... on level 4 of the Dungeon.
             The game lasted 00:25:36 (3666 turns).

FishyPogo the Caller (Hill Orc Summoner)            Turns: 3666, Time: 00:25:37

Health: -13/82     AC:  5    Str: 11    XL:     7   Next: 7%
Magic:  3/10       EV: 12    Int: 17    God:
Gold:   182        SH:  0    Dex: 11    Spells: 4/10 levels left

rFire   . . .        e - +2 hand axe (flame)
rCold   . . .        (no shield)
rNeg    . . .        a - +0 robe
rPois   .            q - +0 helmet
rElec   .            h - +1 cloak
rCorr   .            (no gloves)
SInv    .            (no boots)
Will    .....        (no amulet) Stlth
                     n - ring of flight
HPRegen 0.33/turn    (no ring)
MPRegen 0.12/turn

%: no passive effects
@: berserking (expiring), flying, very quick
A: no striking features
a: no special abilities


You were on level 4 of the Dungeon.
You visited 1 branch of the dungeon, and saw 4 of its levels.

You collected 182 gold pieces.

Inventory:

Hand Weapons
 d - a +0 short sword
 e - a +2 hand axe of flaming (weapon)
Missiles
 c - 37 stones
 r - 5 javelins
 u - 4 silver boomerangs
Armour
 a - a +0 robe (worn)
 h - a +1 cloak (worn)
 q - a +0 helmet (worn)
Jewellery
 n - a ring of flight (left hand)
Wands
 s - a wand of digging (6)
 t - a wand of polymorph (2)
Scrolls
 f - 2 scrolls of amnesia {unknown}
 j - 2 scrolls of immolation {unknown}
 l - a scroll of teleportation
 o - 3 scrolls of identify
 p - a scroll of noise {unknown}
Potions
 b - a potion of magic
 g - 2 potions of attraction
 k - a potion of mutation {unknown}
 m - a potion of ambrosia {unknown}
 v - a potion of curing {unknown}


   Skills:
 + Level 2.1 Fighting
 * Level 4.1 Axes
 * Level 2.6 Armour
 + Level 2.5 Dodging
 - Level 2.0 Stealth
 + Level 2.4 Spellcasting
 * Level 5.3 Summonings


You had 4 spell levels left.
You knew the following spells:

 Your Spells              Type           Power      Damage    Failure   Level
a - Summon Small Mammal   Summ           80%        N/A       1%          1
b - Call Imp              Summ           40%        N/A       3%          2
c - Call Canine Familiar  Summ           20%        N/A       6%          3

Your spell library contained the following spells:

 Spells                   Type           Power      Damage    Failure   Level
 Slow                     Hex            8%         N/A       19%         1
 Summon Guardian Golem    Hex/Summ       11%        N/A       19%         3
 Cigotuvi's Dreadful Rot  Necr/Pois/Air  4%         N/A       28%         2
 Sublimation of Blood     Necr           2%         N/A       28%         2
 Wereblood                Tmut           2%         N/A       28%         2
 Confusing Touch          Hex            2%         N/A       50%         3
 Ignite Poison            Fire/Tmut/Pois 2%         N/A       50%         3
 Vampiric Draining        Necr           2%         2d6       50%         3
 Summon Lightning Spire   Summ/Air       11%        N/A       52%         4
 Freezing Cloud           Conj/Ice/Air   1%         6-21      99%         5
 Summon Hydra             Summ           10%        N/A       100%        7


Dungeon Overview and Level Annotations

Branches:
Dungeon (4/15)
 Temple: D:4-7

Altars:
Cheibriados
Fedhas
Hepliaklqana
Trog

Shops:
D:2 (   D:3 [

Annotations:
D:4 Dowan


Message History

Your quokka bites Duvessa but does no damage.
Duvessa attacks as you move away! Duvessa hits you with a +0 rapier.
* * * LOW HITPOINT WARNING * * *
Your cerulean imp hits Duvessa but does no damage.
Your hound closely misses Duvessa.
Your quokka bites Duvessa but does no damage.
You hit Duvessa but do no damage.
Duvessa is heavily wounded.
Your quokka bites Duvessa but does no damage.
Your hound bites Duvessa but does no damage.
Duvessa hits you with a +0 rapier.
* * * LOW HITPOINT WARNING * * *
Your cerulean imp hits Duvessa but does no damage.
Sorry, you're not good enough to have a special ability.
It was a potion of berserk rage.
A red film seems to cover your vision as you go berserk!
You feel yourself moving faster!
You feel mighty!
Your quokka barely misses Duvessa.
Your hound barely misses Duvessa.
Dowan points at you and mumbles some strange words.
The puff of flame misses you. Duvessa barely misses your quokka.
Your cerulean imp hits Duvessa but does no damage.
You barely miss Duvessa.
Duvessa is heavily wounded.
Your hound bites Duvessa but does no damage.
Your quokka bites Duvessa but does no damage.
You slash Duvessa! You burn Duvessa.
You kill Duvessa!
Dowan screams, "No!
Oh no!"
Dowan seems to find hidden reserves of power!
Dowan shakes with grief.
Dowan points at you and mumbles some strange words.
The shard of ice misses you.
Your Fighting skill increases to level 2!
Your Axes skill increases to level 4!
You have reached level 7!
You feel a strong urge to attack something.
Your cerulean imp misses Dowan.
Dowan points at you and mumbles some strange words.
The shard of ice hits you!!
You die...

#. # # . ### .##..#. #.# ##.
..##. #..#.#####.# . ##$
...####.....#....†<..... ........
................#.###.. ......#.
#......# ......#.# ###
.#.#.)#.####......#####.....#####
.#.............e...............##
......##.#....5r@.#.###.#.#h#....
...........#...h..........._..#.#
.......#...#....)...##....#.#.#.#
[................................
.#....##.#.##........#..##...†..#
.........#.##...........####.....
...................!....#........
...[.................#.##.##.....
)#.#..#..####.#####..........#...


You could see Dowan (fast, ally target), a friendly hound (summoned), a friendly
cerulean imp (summoned) and a friendly quokka (summoned).

Vanquished Creatures
  Duvessa (D:4)
  A hound (D:4)
  Jessica (D:2)
  Ijyb (D:3)
  Natasha (twice) (D:3)
  3 gnolls (D:3)
  3 adders
  A worm (D:4)
  A dart slug (D:2)
  4 orcs
  10 ball pythons
  An endoplasm (D:2)
  2 giant cockroaches (D:2)
  4 goblins
  4 hobgoblins
  3 kobolds
  4 quokkas
  5 bats
  3 frilled lizards
  6 rats
60 creatures vanquished.

Vanquished Creatures (collateral kills)
  An orc priest (D:3)
  A jelly (D:4)
  Natasha (D:3)
  An adder (D:3)
  A worm (D:2)
  A dart slug (D:1)
  2 orcs
  4 endoplasms
  A goblin (D:4)
  2 hobgoblins
  A quokka (D:3)
  A frilled lizard (D:1)
  2 kobolds
19 creatures vanquished.

Grand Total: 79 creatures vanquished

Notes
Turn   | Place    | Note
-------+----------+-------------------------------------------
     0 | D:1      | FishyPogo the Hill Orc Summoner began the quest for the
                  | Orb.
     0 | D:1      | Reached XP level 1. HP: 14/14 MP: 3/3
   312 | D:1      | Reached XP level 2. HP: 20/20 MP: 1/4
   315 | D:1      | Learned a level 2 spell: Call Imp
  1135 | D:2      | Reached XP level 3. HP: 26/26 MP: 5/5
  1158 | D:2      | Reached skill level 1 in Axes
  1170 | D:2      | Noticed Jessica
  1179 | D:2      | Killed Jessica
  1195 | D:2      | Reached XP level 4. HP: 23/34 MP: 2/6
  1279 | D:2      | Found Doguf's Antique Weapon Shoppe.
  2200 | D:3      | Reached skill level 1 in Fighting
  2224 | D:3      | Reached XP level 5. HP: 20/40 MP: 3/8
  2244 | D:3      | Reached skill level 1 in Armour
  2285 | D:3      | Found Ziebiant's Antique Armour Boutique.
  2584 | D:3      | Learned a level 3 spell: Call Canine Familiar
  2723 | D:3      | Found a snail-covered altar of Cheibriados.
  2776 | D:3      | Found a hazy altar of Hepliaklqana.
  2780 | D:3      | Found a blossoming altar of Fedhas.
  2826 | D:3      | Noticed Ijyb
  2853 | D:3      | Killed Ijyb
  2964 | D:3      | Noticed Natasha
  2974 | D:3      | Killed Natasha
  2975 | D:3      | Reached skill level 5 in Summonings
  2975 | D:3      | Reached XP level 6. HP: 47/47 MP: 2/9
  3072 | D:3      | Noticed Natasha
  3088 | D:3      | Killed Natasha
  3134 | D:3      | Noticed Natasha
  3140 | D:3      | Killed Natasha
  3415 | D:4      | Found a bloodstained altar of Trog.
  3532 | D:4      | Noticed Dowan
  3539 | D:4      | Noticed Duvessa
  3664 | D:4      | Killed Duvessa
  3665 | D:4      | Reached XP level 7. HP: 9/55 MP: 3/10
  3666 | D:4      | Killed from afar by Dowan

Illustrated notes

Levels and vault maps discovered:
D:1:      minmay_arrival_open_corners, layout_basic
D:2:      layout_rooms, serial_co_window_serial, co_window_paths_a,
          co_window_corner_a, co_window_of_opportunity_a, co_window_paths_b,
          co_window_paths_b, co_window_corner_a, co_window_corner_a,
          co_window_paths_a, co_window_of_opportunity_a,
          co_window_of_opportunity_c, co_window_corner_cb,
          co_window_of_opportunity_b, co_window_broadway_c, co_window_corner_b,
          co_window_paths_c, co_window_2corner, glass_columns_a,
          glass_columns_a, glass_columns_b, serial_shops,
          nicolae_shop_advertising_works [nicolae_subvault_shop_adworks],
          serial_park_tiny_pond, uniq_jessica
D:3:      layout_loops_ring, minmay_overflow_temple_star_quad, serial_shops,
          shop, uniq_natasha, uniq_ijyb
D:4:      layout_basic, lemuel_doored_altar, grunt_dithmenos_smoke_and_mirrors,
          lemuel_crystal_altar, zin_purify, uniq_duvessa

Skill      XL: |  1  2  3  4  5  6 |
---------------+-------------------+-----
Axes           | 1 2 3 4 |  4.1
Stealth        | 2 |  2.0
Spellcasting   | 2 |  2.4
Dodging        | 2 |  2.5
Fighting       | 1 2 |  2.1
Armour         | 1 2 |  2.6
Summonings     | 5 |  5.3

Action                     |  1- 3 |  4- 6 |  7- 9 || total
---------------------------+-------+-------+-------++-------
  Melee: Short sword       |    16 |       |       ||    16
         Unarmed           |     2 |       |       ||     2
         Hand axe          |    23 |   120 |       ||   143
         Punch             |       |     2 |       ||     2
  Throw: Javelin           |       |     1 |       ||     1
   Cast: Summon Small Mamm |    15 |    18 |       ||    33
         Call Imp          |     6 |    13 |       ||    19
         Call Canine Famil |       |    10 |       ||    10
  Evoke: Wand              |       |     1 |       ||     1
    Use: Scroll            |       |     4 |       ||     4
         Potion            |       |     1 |       ||     1
   Stab: Sleeping          |     5 |     3 |       ||     8
         Distracted        |       |     1 |       ||     1
 Armour: Robe              |     4 |    32 |       ||    36
  Dodge: Dodged            |    28 |    84 |       ||   112
